 Dungeon Crawl Stone Soup version bcrawl-1.12.2 (webtiles) character file.

Game seed: 11644043632315898815

1148 Faustar the Cudgeler (level 8, -2/80 HPs)
             Began as a Naga Sloth Apostle on July 24, 2019.
             Was an Elder of Cheibriados.
             Slain by a wight
             ... wielding a +0 great sword
              (12 damage)
             ... on level 4 of the Dungeon.
             The game lasted 00:15:57 (5017 turns).

Faustar the Cudgeler (Naga Sloth Apostle)           Turns: 5017, Time: 00:15:57

Health: -2/80      AC:  5    Str: 30    XL:     8   Next: 38%
Magic:  9/9        EV: 13    Int: 21    God:    Cheibriados [****..]
Gold:   162        SH:  3    Dex: 19    Spells: 8/9 levels left

rFire    + . .     SeeInvis +   C - +0 flail
rCold    + . .     Gourm    .   (no shield)
rNeg     . . .     Faith    .   v - +2 robe {rC+ rF+}
rPois    +         Spirit   .   (no helmet)
rElec    .         Reflect  +   (no cloak)
rCorr    .         Harm     .   (no gloves)
MR       +....                  (no barding)
Stlth    +++.......             e - +3 amulet of reflection
HPRegen  0.23/turn              t - +4 ring of evasion
MPRegen  0.11/turn              u - +3 ring of strength

@: flying, heavily drained, very slow
A: large, see invisible, deformed body, poison resistance, slowness 2, slow
metabolism 1, spit poison 1, AC +2
a: Spit Poison, Bend Time, Temporal Distortion, Slouch, Renounce Religion


You were on level 4 of the Dungeon.
You worshipped Cheibriados.
Cheibriados was greatly pleased with you.
You were hungry.

You visited 1 branch of the dungeon, and saw 4 of its levels.

You collected 162 gold pieces.

Inventory:

Hand Weapons
 a - a +0 mace
 C - a +0 flail (weapon)
Missiles
 B - a throwing net (quivered) {!f}
Armour
 c - a +0 shield
 j - a +0 ring mail
 v - a +2 robe of resistance (worn)
 D - a +1 robe of positive energy
Jewellery
 e - a +3 amulet of reflection (around neck)
 g - a +3 ring of dexterity
 l - an uncursed amulet of the gourmand
 t - a +4 ring of evasion (left hand)
 u - a +3 ring of strength (right hand)
 w - an uncursed amulet of faith {unknown}
Wands
 d - a wand of paralysis (4)
 F - a wand of disintegration (15)
Scrolls
 h - a scroll of fear {unknown}
 m - a scroll of enchant armour {unknown}
 n - a scroll of blinking {unknown}
 q - a scroll of identify {unknown}
 s - a scroll of teleportation {unknown}
 x - a scroll of remove curse {unknown}
 y - 2 scrolls of immolation {unknown}
 A - a scroll of fog {unknown}
Potions
 b - a potion of might {unknown}
 i - a potion of magic {unknown}
 k - a potion of lignification
 o - a potion of berserk rage {unknown}
 p - a potion of flight
 r - a potion of brilliance {unknown}
 z - a potion of curing
Comestibles
 f - 4 rations {!d}


   Skills:
 + Level 7.0(4.7) Fighting
 + Level 7.0(4.7) Maces & Flails
 - Level 5.7(3.6) Stealth
 - Level 1.5(0.0) Shields
 - Level 1.0(0.0) Spellcasting
 - Level 1.0(0.0) Hexes
 - Level 1.0(0.0) Evocations


You had 8 spell levels left.
You knew the following spells:

 Your Spells              Type           Power        Failure   Level  Hunger
a - Slow                  Hex            #.......     19%         1    ##.....
Your spell library was empty.

Dungeon Overview and Level Annotations

Branches:
Dungeon (4/12)
 Temple: D:4-7

Altars:
Dithmenos
Kikubaaqudgha
Sif Muna
Trog
Vehumet
Wu Jian
Yredelemnul

Annotations:
D:4 Pikel


Innate Abilities, Weirdness & Mutations

You cannot wear boots.
Your serpentine skin is tough. (AC +2)
You have supernaturally acute eyesight. (SInv)
Armour fits poorly on your strangely shaped body.
Your system is resistant to poisons. (rPois)
You cover ground very slowly.
You have a slow metabolism.
You can spit poison.


Message History

You closely miss the wight.
The wight hits you with a +0 great sword!
You feel drained. The wight misses you.
You barely miss the wight.
The wight hits you with a +0 great sword!
You feel drained. The wight barely misses you.
You hit the wight.
The wight is lightly damaged.
The wight hits you but does no damage.
The wight hits you from afar with a cursed +4 trident!
* * * LOW HITPOINT WARNING * * *
You feel drained.
* * * LOW HITPOINT WARNING * * *
You hit the wight but do no damage.
The wight is lightly damaged.
The wight hits you from afar with a cursed +4 trident.
* * * LOW HITPOINT WARNING * * *
You feel drained.
The wight hits you with a +0 great sword!
You die...

#.# #.# #.#######
#.....).#
#######.#
###############)#
..........##....#
..........##.####
..........##@#
........[.##z#
..........##z#
.........z..>#
........z.####
..........#
..........#
..........#
###########


You could see 2 wights.

Vanquished Creatures
  Sigmund (D:2)
  A human (D:2)
  Duvessa (D:4)
  A water moccasin (D:4)
  A slave (D:4)
  Dowan (D:4)
  A scorpion (D:4)
  2 wights (D:4)
  3 crimson imps
  A human zombie (D:2)
  2 orc priests (D:3)
  3 orc wizards (D:3)
  A human skeleton (D:2)
  A worker ant (D:4)
  3 gnolls (D:3)
  3 adders
  2 oozes (D:1)
  A dart slug (D:2)
  3 leopard geckos
  10 orcs
  6 bats
  4 giant cockroaches
  8 goblins
  10 hobgoblins
  5 jackals
  6 frilled lizards
  A goblin zombie (D:2)
  6 kobolds
  3 rats
91 creatures vanquished.

Vanquished Creatures (others)
  A kobold (D:2)
1 creature vanquished.

Grand Total: 92 creatures vanquished

Notes
Turn   | Place    | Note
-------+----------+-------------------------------------------
     0 | D:1      | Faustar the Naga Sloth Apostle began the quest for the Orb.
     0 | D:1      | Reached XP level 1. HP: 19/19 MP: 2/2
    24 | D:1      | Reached skill level 5 in Stealth
    32 | D:1      | Reached XP level 2. HP: 8/26 MP: 3/3
  1056 | D:1      | Reached XP level 3. HP: 30/33 MP: 4/4
  1575 | D:2      | Found an ornate altar of the Wu Jian Council.
  1575 | D:2      | Found a deep blue altar of Sif Muna.
  1575 | D:2      | Found a radiant altar of Vehumet.
  1575 | D:2      | Found a bloodstained altar of Trog.
  1588 | D:1      | Reached * piety under Cheibriados
  1949 | D:2      | Noticed Sigmund
  2066 | D:2      | Reached XP level 4. HP: 20/40 MP: 5/5
  2474 | D:2      | Reached XP level 5. HP: 15/49 MP: 6/6
  2725 | D:2      | Reached ** piety under Cheibriados
  2812 | D:2      | Killed Sigmund
  2812 | D:2      | Reached XP level 6. HP: 31/58 MP: 7/7
  3165 | D:2      | Found a runed door.
  3165 | D:2      | Noticed a human
  3166 | D:2      | Found a basalt altar of Yredelemnul.
  3193 | D:2      | Killed a human
  3193 | D:2      | Reached skill level 5 in Fighting
  3193 | D:2      | Reached skill level 5 in Maces & Flails
  3193 | D:2      | Reached XP level 7. HP: 59/67 MP: 8/8
  3871 | D:3      | Reached *** piety under Cheibriados
  3934 | D:3      | Found an ancient bone altar of Kikubaaqudgha.
  4181 | D:3      | Found a shadowy altar of Dithmenos.
  4493 | D:4      | Noticed Pikel
  4650 | D:4      | Noticed Duvessa
  4650 | D:4      | Noticed Dowan
  4671 | D:4      | Killed Duvessa
  4671 | D:4      | Reached XP level 8. HP: 20/78 MP: 9/9
  4676 | D:4      | Killed Dowan
  4972 | D:4      | Reached **** piety under Cheibriados
  5017 | D:4      | Slain by a wight

Skill      XL: |  1  2  3  4  5  6  7  8 |
---------------+-------------------------+-----
Stealth        | 5 |  5.7
Maces & Flails | 3 4 5 6 7 |  7.0
Fighting       | 3 4 5 6 7 |  7.0
Shields        | |  1.5
Spellcasting   | |  1.0
Hexes          | |  1.0
Evocations     | |  1.0

Action                   |  1- 3 |  4- 6 |  7- 9 || total
-------------------------+-------+-------+-------++-------
Melee: Mace              |    97 |    87 |    39 ||   223
       Flail             |       |       |   111 ||   111
 Abil: Spit Poison       |     1 |    10 |    22 ||    33
Evoke: Wand              |       |     6 |       ||     6
  Use: Potion            |       |       |     3 ||     3
 Stab: Sleeping          |     7 |     2 |     3 ||    12
       Paralysed         |       |    16 |       ||    16
  Eat: Chunk             |     2 |     3 |     4 ||     9
Armor: Robe              |    14 |    21 |    34 ||    69
       Skin              |       |       |    24 ||    24
Dodge: Dodged            |    57 |    35 |   104 ||   196
Block: Shield            |     5 |       |       ||     5
       Other             |    17 |     4 |    21 ||    42
       Reflection        |     2 |       |       ||     2
